 Dungeon Crawl Stone Soup version 0.29-a0-392-g297d3b089c (webtiles) character file.

Game seed: 2685108252587173379

12528 quokkamancerX the Basher (level 11, -12/151 HPs)
             Began as a Palentonga Fighter on May 8, 2022.
             Was an Elder of Okawaru.
             Mangled by an orc warrior
             ... wielding a +0 halberd
              (16 damage)
             ... in a bailey.
             The game lasted 00:55:30 (14251 turns).

quokkamancerX the Basher (Palentonga Fighter)      Turns: 14251, Time: 00:55:31

Health: -12/151    AC: 24    Str: 30    XL:     11   Next: 63%
Magic:  8/14       EV:  7    Int:  9    God:    Okawaru [****..]
Gold:   1286       SH:  9    Dex:  9    Spells: 10/10 levels left

rFire   . . .      SeeInvis +   a - +1 flail
rCold   . . .      Faith    .   y - +0 kite shield
rNeg    . . .      Spirit   .   B - +3 chain mail {rPois}
rPois   +          Reflect  .   I - +2 helmet
rElec   .          Harm     .   q - +0 cloak
rCorr   .          Rampage  .   (no gloves)
Will    .....                   (no barding)
Stlth   ..........              D - amulet of regeneration
HPRegen 1.15/turn               A - +6 ring of strength
MPRegen 0.14/turn               w - +4 ring of slaying

@: berserking, heroic, curled up, very quick
A: large, rugged brown scales 3, see invisible, deformed body, roll 1, armoured
tail, reflexive curl
a: Rolling Charge, Renounce Religion, Heroism, Finesse


You were in a bailey.
You worshipped Okawaru.
Okawaru was greatly pleased with you.
You visited 2 branches of the dungeon, and saw 11 of its levels.
You also visited: Sewer, Ossuary and Bailey.

You collected 1286 gold pieces.

Inventory:

Hand Weapons
 a - a +1 flail (weapon)
Missiles
 g - 5 javelins
 h - 7 boomerangs
 j - 6 curare-tipped darts
 v - 2 throwing nets
Armour
 q - a +0 cloak (worn)
 y - a +0 kite shield (worn)
 B - a +3 chain mail of poison resistance (worn)
 I - a +2 helmet (worn)
Jewellery
 w - a +4 ring of slaying (right hand)
 A - a +6 ring of strength (left hand)
 D - an amulet of regeneration (around neck)
 G - an amulet of guardian spirit
 H - a ring of fire
 J - a ring of protection from fire
 K - a ring of poison resistance
Wands
 t - a wand of iceblast (19)
 z - a wand of flame (26)
Scrolls
 c - 4 scrolls of fear
 f - 5 scrolls of teleportation
 i - a scroll of identify
 l - 6 scrolls of fog
 m - 2 scrolls of blinking
 n - a scroll of vulnerability
 C - a scroll of poison
Potions
 b - a potion of magic
 d - a potion of resistance {unknown}
 e - 5 potions of invisibility {unknown}
 k - 5 potions of heal wounds
 o - 2 potions of lignification
 p - 2 potions of brilliance
 r - a potion of flight {unknown}
 s - 2 potions of ambrosia {unknown}
 u - a potion of degeneration {unknown}
 x - 2 potions of curing {unknown}
 E - a potion of mutation {unknown}
 L - 3 potions of haste
 M - a potion of cancellation {unknown}
 N - 2 potions of might


   Skills:
 * Level 12.2(17.2) Fighting
 - Level 14.0(19.0) Maces & Flails
 - Level 2.4(7.4) Armour
 - Level 2.4(7.4) Shields
 + Level 4.7 Invocations


You had 10 spell levels left.
You didn't know any spells.
Your spell library contained the following spells:

 Spells                   Type           Power      Damage    Failure   Level
 Foxfire                  Conj/Fire      0%         2x1d4     98%         1
 Pain                     Necr           0%         1d4       98%         1
 Slow                     Hex            0%         N/A       98%         1
 Sublimation of Blood     Necr           0%         N/A       99%         2
 Wereblood                Tmut           0%         N/A       99%         2
 Confusing Touch          Hex            0%         N/A       100%        3
 Conjure Flame            Conj/Fire      0%         6-21      100%        3
 Gell's Gravitas          Tloc           0%         N/A       100%        3
 Inner Flame              Hex/Fire       0%         N/A       100%        3
 Lesser Beckoning         Tloc           0%         N/A       100%        3
 Teleport Other           Tloc           0%         N/A       100%        3
 Vampiric Draining        Necr           0%         2d6       100%        3
 Airstrike                Air            0%         N/A       100%        4
 Flame Wave               Conj/Fire      0%         2d4       100%        4
 Passage of Golubria      Tloc           0%         N/A       100%        4
 Lightning Bolt           Conj/Air       0%         1d11      100%        5
 Silence                  Hex/Air        0%         N/A       100%        5
 Dispersal                Tloc           0%         N/A       100%        6
 Lehudib's Crystal Spear  Conj/Erth      0%         10d2      100%        8
 Animate Skeleton         Necr           Unusable   N/A       N/A         1
 Summon Lightning Spire   Summ/Air       Unusable   N/A       N/A         4
 Summon Hydra             Summ           Unusable   N/A       N/A         7

Dungeon Overview and Level Annotations

Branches:
Dungeon (10/15)            Temple (1/1) D:6           Sewer (visited)
Ossuary (visited)          Bailey (1/1)
   Lair: D:8-11         Orc: D:9-12

Altars:
Ashenzari
Cheibriados
Dithmenos
Elyvilon
Fedhas
Gozag
Hepliaklqana
Kikubaaqudgha
Makhleb
Nemelex Xobeh
Okawaru
Qazlal
Ru
Sif Muna
Trog
Uskayaw
Vehumet
Wu Jian
Xom
Yredelemnul
Zin
The Shining One

Annotations:
D:6 2 transporters, bastard's ghost, novice DjSu


Innate Abilities, Weirdness & Mutations

You are completely covered in rugged brown scales. (AC +3, +7% HP)
You have supernaturally acute eyesight. (SInv)
Armour fits poorly on your strangely shaped body.
You can roll at nearby foes to attack.
You have a long armoured tail.
You curl defensively after being hit. (AC +7*)


Message History

You block the orc warrior's attack.
You hit the orc knight.
The orc knight is lightly wounded.
The orc warrior hits you with a +0 glaive!
* * * LOW HITPOINT WARNING * * *
The orc knight hits you but does no damage.
The orc warrior hits you with a +0 halberd!
* * * LOW HITPOINT WARNING * * *
You sock the orc knight! You tail-slap the orc knight.
The orc knight is moderately wounded.
You sock the orc knight!
The orc knight is heavily wounded.
The orc warrior hits you with a +0 glaive.
* * * LOW HITPOINT WARNING * * *
The orc knight roars a battlecry!
The orc warriors go into a battle-frenzy!
The orc warrior hits you with a +0 halberd.
* * * LOW HITPOINT WARNING * * *
You sock the orc knight!
The orc knight is severely wounded.
You barely miss the orc knight.
The orc knight is severely wounded.
You block the orc warrior's attack.
The orc knight hits you with a +0 halberd!!
* * * LOW HITPOINT WARNING * * *
The orc warrior closely misses you.
You hit the orc knight.
The orc knight is severely wounded.
The orc warrior barely misses you. You block the orc knight's attack.
You block the orc warrior's attack.
You hit the orc knight.
Your tail-slap misses the orc knight.
The orc knight is almost dead.
You barely miss the orc knight.
The orc knight is almost dead.
The orc warrior hits you with a +0 glaive.
* * * LOW HITPOINT WARNING * * *
The orc knight hits you with a +0 halberd.
* * * LOW HITPOINT WARNING * * *
The orc warrior hits you with a +0 halberd!
You die...

#.......#
#.......#
#.).....#
#.......#
##.....##
#'''''#
##.....##
#.oo....#
#.@.....#
#.o.....#
#..#.#..#
#.......#
##.....##
##'''##
#.....#
#.....#
#.....#


You could see an orc knight and 2 orc warriors.

Vanquished Creatures
  A catoblepas (D:9)
  The ghost of iguanaiguana the Cleaver, a novice MiCK of Xom (D:9)
  Lodul (D:10)
  Pikel (D:5)
  A gargoyle (D:6)
  Maggie (D:9)
  An unseen horror (D:10)
  A komodo dragon (D:7)
  A troll (D:7)
  A hornet (D:10)
  Prince Ribbit (D:5)
  Sigmund (D:2)
  2 vampires
  6 yaks
  Menkaure (D:5)
  Edmund (D:4)
  Duvessa (D:7)
  An acid dragon (D:9)
  A water moccasin (D:7)
  10 orc warriors
  7 ice beasts
  2 sky beasts
  12 ogres
  6 centaurs
  3 lemures (D:5)
  2 phantoms
  5 kobold brigands
  3 necrophages
  5 bullfrogs
  2 scorpions
  A gnoll sergeant (D:6)
  4 wights (D:8)
  Dowan (D:7)
  12 killer bees
  6 howler monkeys (D:7)
  A hound (D:5)
  2 lava snakes (D:9)
  2 jellies
  2 gnoll shamans (D:5)
  5 orc priests
  Crazy Yiuf (D:3)
  Natasha (thrice) (D:3)
  9 iguanas
  9 orc wizards
  A centaur simulacrum (D:9)
  3 mummies
  16 gnolls
  11 adders
  4 white imps
  A howler monkey simulacrum (D:9)
  2 worms
  5 dart slugs
  42 orcs
  15 ball pythons
  18 endoplasms
  13 giant cockroaches
  4 gnoll zombies (Ossuary)
  10 goblins
  5 hobgoblins
  16 quokkas
  7 bats
  9 frilled lizards
  2 goblin zombies (Ossuary)
  A hobgoblin zombie (Ossuary)
  31 kobolds
  A kobold zombie (D:4)
  8 orc zombies
  5 rats
370 creatures vanquished.

Vanquished Creatures (others)
  7 plants
  3 withered plants (D:8)
10 creatures vanquished.

Grand Total: 380 creatures vanquished

Notes
Turn   | Place    | Note
-------+----------+-------------------------------------------
     0 | D:1      | quokkamancerX the Palentonga Fighter began the quest for
                  | the Orb.
     0 | D:1      | Reached XP level 1. HP: 19/19 MP: 1/1
   223 | D:1      | Reached XP level 2. HP: 17/25 MP: 2/2
   954 | D:2      | Noticed Sigmund
   984 | D:2      | Killed Sigmund
   985 | D:2      | Reached skill level 4 in Maces & Flails
   985 | D:2      | Reached XP level 3. HP: 27/32 MP: 3/3
   985 | D:2      | Reached XP level 4. HP: 33/39 MP: 4/4
   985 | D:2      | Reached XP level 5. HP: 38/44 MP: 5/5
  1185 | D:2      | Reached skill level 5 in Maces & Flails
  1753 | D:3      | Noticed Natasha
  1759 | D:3      | Killed Natasha
  1760 | D:3      | Noticed a centaur
  2087 | D:3      | Killed a centaur
  2088 | D:3      | Reached XP level 6. HP: 29/52 MP: 6/6
  2625 | D:3      | Noticed Natasha
  2629 | D:3      | Killed Natasha
  2774 | D:3      | Noticed Natasha
  2776 | D:3      | Killed Natasha
  2777 | D:3      | Reached skill level 6 in Maces & Flails
  2860 | D:3      | Found a hide-covered altar of Uskayaw.
  2911 | D:3      | Found a runed translucent door.
  2912 | D:3      | Noticed Crazy Yiuf
  2967 | D:3      | Found a faded altar of an unknown god.
  2981 | D:3      | Found a faded altar of an unknown god.
  3417 | D:3      | Killed Crazy Yiuf
  3418 | D:3      | Reached skill level 5 in Fighting
  3739 | D:4      | Gained mutation: You curl defensively after being hit. (AC
                  | +7*) [Palentonga growth]
  3739 | D:4      | Reached XP level 7. HP: 48/59 MP: 7/7
  3742 | D:4      | Found a sand-covered staircase.
  3846 | Ossuary  | Entered an ossuary
  4311 | D:4      | Noticed Edmund
  4322 | D:4      | Killed Edmund
  4323 | D:4      | Reached skill level 7 in Maces & Flails
  5015 | D:5      | Entered Level 5 of the Dungeon
  5394 | D:5      | Noticed Pikel
  5427 | D:5      | Killed Pikel
  5428 | D:5      | Reached skill level 8 in Maces & Flails
  5428 | D:5      | Reached XP level 8. HP: 23/69 MP: 8/8
  5718 | D:5      | Noticed Menkaure
  5723 | D:5      | Killed Menkaure
  5724 | D:5      | Reached skill level 9 in Maces & Flails
  6747 | D:5      | Reached XP level 9. HP: 66/77 MP: 9/9
  6899 | D:5      | Reached skill level 10 in Maces & Flails
  7225 | D:5      | Noticed Prince Ribbit
  7231 | D:5      | Killed Prince Ribbit
  8170 | D:6      | Found a glowing drain.
  8172 | D:6      | Noticed a gargoyle
  8180 | Sewer    | Entered a sewer
  8807 | D:6      | Reached skill level 11 in Maces & Flails
  8883 | D:6      | Found a transporter.
  8884 | D:6      | Noticed bastard's ghost (novice DjSu)
  8902 | D:6      | Found a staircase to the Ecumenical Temple.
  8913 | D:6      | Killed a gargoyle
  8920 | Temple   | Entered the Ecumenical Temple
  9055 | Temple   | Became a worshipper of Warmaster Okawaru
  9593 | D:6      | Found an ornate altar of the Wu Jian Council.
  9594 | D:6      | Found a glowing golden altar of the Shining One.
  9775 | D:6      | Found a transporter.
  9890 | D:7      | Noticed a komodo dragon
  9898 | D:7      | Killed a komodo dragon
  9898 | D:7      | Reached * piety under Okawaru
  9899 | D:7      | Reached skill level 12 in Maces & Flails
  9899 | D:7      | Reached XP level 10. HP: 81/88 MP: 10/10
 10545 | D:7      | Noticed Duvessa
 10547 | D:7      | Noticed Dowan
 10550 | D:7      | Killed Duvessa
 10558 | D:7      | Killed Dowan
 10593 | D:7      | Reached ** piety under Okawaru
 11256 | D:8      | Reached skill level 13 in Maces & Flails
 11755 | D:8      | Reached skill level 10 in Fighting
 11972 | D:8      | Reached *** piety under Okawaru
 12097 | D:8      | Found an ancient bone altar of Kikubaaqudgha.
 12098 | D:8      | Found a blossoming altar of Fedhas.
 12311 | D:9      | Noticed iguanaiguana's ghost (novice MiCK)
 12333 | D:9      | Noticed Maggie
 12334 | D:9      | Found a runed translucent gate.
 12335 | D:9      | Found a runed translucent gate.
 12335 | D:9      | Found a runed translucent gate.
 12342 | D:9      | Killed Maggie
 12587 | D:9      | Reached XP level 11. HP: 69/98 MP: 11/11
 12721 | D:9      | Reached skill level 14 in Maces & Flails
 12931 | D:9      | Noticed a catoblepas
 12959 | D:9      | Killed a catoblepas
 12959 | D:9      | Reached **** piety under Okawaru
 12960 | D:9      | Reached skill level 1 in Invocations
 13345 | D:9      | Killed iguanaiguana's ghost
 13458 | D:10     | Entered Level 10 of the Dungeon
 13468 | D:10     | Found a sacrificial altar of Ru.
 13469 | D:10     | Found a glowing silver altar of Zin.
 13470 | D:10     | Found a shadowy altar of Dithmenos.
 13472 | D:10     | Found a burning altar of Makhleb.
 13625 | D:10     | Noticed Lodul
 13660 | D:10     | Killed Lodul
 14023 | D:10     | Found a flagged portal.
 14030 | Bailey   | Entered a bailey
 14225 | Bailey   | Noticed an orc knight
 14248 | Bailey   | HP: 7/151 [orc knight/+0 halberd (20)]
 14251 | Bailey   | Mangled by an orc warrior

Illustrated notes

Levels and vault maps discovered:
D:1:      minmay_arrival_loop, layout_basic, serial_curves, eino_curves_03,
          eino_curves_03
D:2:      layout_loops_ring, uniq_sigmund
D:3:      layout_basic, mainiacjoe_overflow_small_starburst,
          hellmonk_ecumenical_altar_the_god_not_taken, kennysheep_nondescript,
          minmay_misc_feat_alley, uniq_natasha, uniq_crazy_yiuf_cottage
D:4:      layout_basic, nicolae_ossuary_entry_giza, uniq_edmund
D:5:      nicolae_cairo_tiling_very_big, layout_loops_cross,
          guppyfry_early_orc_mine, uniq_menkaure, uniq_prince_ribbit1,
          uniq_pikel
D:6:      layout_cave_pools, nicolae_overflow_squiral, temple_fountains,
          cheibrodos_sewer_entry_drain, gammafunk_ghost_smash
D:7:      layout_cave_pools, hangedman_decor_peaks_small, minmay_lizard_king,
          uniq_duvessa
D:8:      layout_rooms, grunt_temple_overflow_growth_and_decay,
          minmay_misc_feat_ornament, st_stairs_1
D:9:      layout_roguey, gammafunk_ghost_icy, kennysheep_boxes, uniq_maggie
D:10:     layout_roguey, mainiacjoe_overflow_alcove_3, enter_bailey_3,
          uniq_erica, uniq_lodul
Temple:   nicolae_temple_god_jail
Bailey:   bailey_polearm_5, bailey

Skill      XL: |  1  2  3  4  5  6  7  8  9 10 11 |
---------------+----------------------------------+-----
Fighting       | 4 5 6 7 9 10 12 | 12.2
Maces & Flails | 4 5 6 8 9 12 13 14 | 14.0
Invocations    | 4 |  4.7
Armour         | |  2.4
Shields        | |  2.4

Action                   |  1- 3 |  4- 6 |  7- 9 | 10-12 || total
-------------------------+-------+-------+-------+-------++-------
Melee: Flail             |    47 |   135 |   473 |   403 ||  1058
       Tailslap          |     4 |    14 |    58 |    59 ||   135
Throw: Throwing net      |       |       |     3 |       ||     3
       Javelin           |       |       |     1 |       ||     1
Invok: Heroism           |       |       |       |    12 ||    12
       Finesse           |       |       |       |     1 ||     1
 Abil: Rolling Charge    |    10 |    11 |    36 |    35 ||    92
  Use: Scroll            |       |     5 |     8 |     2 ||    15
       Potion            |       |       |     3 |     2 ||     5
 Stab: Held in net/web   |       |       |     2 |       ||     2
Armor: Scale mail        |    32 |    88 |    12 |       ||   132
       Ring mail         |       |       |   124 |    17 ||   141
       Skin              |       |       |    15 |       ||    15
       Chain mail        |       |       |       |   174 ||   174
Dodge: Dodged            |    25 |    43 |   132 |    72 ||   272
Block: Buckler           |    13 |    25 |    59 |       ||    97
       Kite shield       |       |       |     8 |   157 ||   165

Table legend: (Time is in decaauts)
 A = Elapsed time spent in this place.
 B = Non-inter-level travel time spent in this place.
 C = Inter-level travel time spent in this place.
 D = Time resting spent in this place.
 E = Time spent auto-exploring this place.
 F = Levels seen in this place.
 G = Mean time per level.
                   A        B        C        D        E       F      G
               +--------+--------+--------+--------+--------+-----+--------+
         Total |  14299 |  13458 |    841 |   4786 |   4461 |  14 | 1021.4 |
       Dungeon |  13059 |  12247 |    812 |   4421 |   4355 |  10 | 1305.9 |
        Temple |    150 |    121 |     29 |      0 |     58 |   1 |  150.0 |
         Sewer |    663 |    663 |      0 |    303 |      2 |   1 |  663.0 |
       Ossuary |    216 |    216 |      0 |     39 |     46 |   1 |  216.0 |
        Bailey |    210 |    210 |      0 |     23 |      0 |   1 |  210.0 |
               +--------+--------+--------+--------+--------+-----+--------+

Top non-repeatable levels by time:
     D:5: 2404 daAuts
     D:4: 1831 daAuts
     D:3: 1552 daAuts
     D:9: 1281 daAuts
     D:2: 1258 daAuts
     D:6: 1228 daAuts
     D:7: 1151 daAuts
     D:8: 1003 daAuts
     D:1: 837 daAuts
   Sewer: 663 daAuts
    D:10: 510 daAuts
 Ossuary: 216 daAuts
  Bailey: 210 daAuts
  Temple: 150 daAuts
